 Dungeon Crawl Stone Soup version 0.27.0-1-g7a089689b8 (webtiles) character file.

Game seed: 17176330904176535455

1164 Descartes the Covert (level 8, -1/39 HPs)
             Began as a Spriggan Delver on Aug 15, 2021.
             Was an Initiate of Gozag.
             Slain by a black bear (12 damage)
             ... on level 6 of the Dungeon.
             The game lasted 00:14:49 (9245 turns).

Descartes the Covert (Spriggan Delver)              Turns: 9245, Time: 00:14:50

Health: -1/39      AC:  2    Str: 10    XL:     8   Next: 17%
Magic:  9/9        EV: 26    Int: 18    God:    Gozag
Gold:   631        SH:  0    Dex: 22    Spells: 6/7 levels left

rFire    + . .     SeeInvis +   a - +1 short sword (holy)
rCold    + . .     Faith    .   (shield restricted)
rNeg     . . .     Spirit   .   b - +0 robe
rPois    .         Reflect  .   (helmet restricted)
rElec    .         Harm     .   o - scarf {rC+ rF+}
rCorr    .         Rampage  .   (gloves unavailable)
Will     +....                  (boots unavailable)
Stlth    +++++.....             v - amulet of the acrobat
HPRegen  0.13/turn              m - +6 ring of dexterity
MPRegen  0.11/turn              s - +6 ring of intelligence

@: gold aura, very quick
A: very small, no large weapons, unfitting armour, see invisible, speed 3
a: Renounce Religion, Potion Petition, Call Merchant, Bribe Branch


You were on level 6 of the Dungeon.
You worshipped Gozag.
Gozag was pleased with you.
You visited 2 branches of the dungeon, and saw 7 of its levels.

You collected 638 gold pieces.
You paid 7 gold pieces to Gozag.

Inventory:

Hand Weapons
 a - a +1 short sword of holy wrath (weapon)
Missiles
 n - 4 boomerangs of dispersal (quivered)
 p - 33 bolts
 w - 8 poisoned darts
 x - 48 stones
 y - 3 atropa-tipped darts
 A - 7 curare-tipped darts
 B - 11 arrows
 E - 8 boomerangs
Armour
 b - a +0 robe (worn)
 o - a scarf of resistance (worn)
Jewellery
 i - a ring of flight
 m - a +6 ring of dexterity (left hand)
 s - a +6 ring of intelligence (right hand)
 v - an amulet of the acrobat (around neck)
 F - a +6 ring of intelligence
Wands
 g - a wand of digging (3)
 C - a wand of paralysis (6)
Scrolls
 c - 2 scrolls of fog
 d - 3 scrolls of magic mapping
 e - a scroll of fear
 l - a scroll of holy word {unknown}
 q - 2 scrolls of blinking {unknown}
 r - 4 scrolls of identify {unknown}
 z - a scroll of vulnerability {unknown}
 D - a scroll of teleportation {unknown}
Potions
 f - a potion of haste
 h - a potion of curing {unknown}
 j - 2 potions of berserk rage {unknown}
 k - a potion of cancellation {unknown}
 t - a potion of brilliance {unknown}
 u - a potion of invisibility {unknown}


   Skills:
 - Level 2.4 Fighting
 - Level 2.1 Short Blades
 + Level 9.9 Dodging
 - Level 12.0 Stealth


You had 6 spell levels left.
You knew the following spells:

 Your Spells              Type           Power      Damage    Failure   Level
a - Foxfire               Conj/Fire      0%         2x1d4     22%         1

Your spell library contained the following spells:

 Spells                   Type           Power      Damage    Failure   Level
 Conjure Flame            Conj/Fire      0%         6-21      54%         3
 Ignite Poison            Fire/Tmut/Pois 0%         N/A       54%         3
 Inner Flame              Hex/Fire       0%         N/A       54%         3
 Sticky Flame             Conj/Fire      0%         2d3       91%         4


Dungeon Overview and Level Annotations

Branches:
Dungeon (6/15)             Temple (1/1) D:4

Altars:
Cheibriados
Dithmenos
Elyvilon
Gozag
Kikubaaqudgha
Makhleb
Nemelex Xobeh
Okawaru
Qazlal
Ru
Sif Muna
Uskayaw
Vehumet
Wu Jian
Xom
Yredelemnul
Zin
The Shining One

Shops:
D:4 *   D:5 (


Innate Abilities, Weirdness & Mutations

You are very small and have problems with some larger weapons.
You are too small for most types of armour.
You have supernaturally acute eyesight. (SInv)
You cover ground extremely quickly. (Speed+++)


Message History

You hit the black bear.
The black bear is heavily wounded.
The black bear is distracted by your dazzling golden aura.
The black bear growls angrily.
You hit the black bear but do no damage.
The black bear is no longer distracted by gold.
The black bear is heavily wounded.
The black bear bites you! The black bear completely misses you.
The black bear claws you.
You hit the black bear.
The black bear is severely wounded.
The black bear closely misses you.
The black bear completely misses you. x2
You hit the black bear.
The black bear is severely wounded.
The black bear bites you but does no damage.
The black bear completely misses you. The black bear claws you.
You hit the black bear.
The black bear is almost dead.
The black bear misses you. The black bear closely misses you.
The black bear claws you.
You completely miss the black bear.
The black bear is almost dead.
The centaur zombie completely misses you. x2
The centaur zombie closely misses you.
The centaur zombie kicks you but does no damage.
The black bear misses you. x2; The black bear barely misses you.
You barely miss the black bear.
The black bear is almost dead.
The centaur zombie misses you. x2; The black bear goes berserk!
You hit the black bear but do no damage.
The black bear is almost dead.
The centaur zombie completely misses you. x2
The black bear closely misses you. The black bear claws you.
* * * LOW HITPOINT WARNING * * *
The black bear misses you.
You hit the black bear.
The black bear is almost dead.
The black bear bites you!
You die...
Your body crumbles into a pile of gold.

#..# #..[. #..# #
....# #..##.# #...#
# .... #...# #.##.#
#...#
#....######...#####
####.......$.......
#.##...##...###...#
#.@h..###.#.#$#.#.#
#Z##..###...#.#...#
#. #.....###...###.
.. #...#.#.#.#.#.#.
...
#.....##.#.#.##.
....
#..###..#.#.#..#
.....
#..#...#.#.#.#..
#.....
#.)###.$#.#.#..#
#.....##.#.#$##.


You could see a black bear (berserk) and a centaur zombie.

Vanquished Creatures
  Eustachio (D:5)
  A water moccasin (D:6)
  A black bear (D:4)
  An ogre (D:6)
  A kobold brigand (D:6)
  A bullfrog (D:5)
  2 scorpions (D:5)
  A centaur zombie (D:6)
  2 hounds (D:4)
  A jelly (D:5)
  An orc priest (D:5)
  2 bullfrog skeletons (D:6)
  A gnoll shaman (D:3)
  2 iguanas
  2 orc wizards (D:4)
  5 gnolls
  2 adders
  A white imp (D:6)
  2 dart slugs
  8 orcs
  3 ball pythons
  A bat (D:3)
  6 endoplasms
  3 giant cockroaches
  7 goblins
  4 hobgoblins
  3 jackals (D:1)
  4 kobolds
  3 quokkas
  3 frilled lizards
  7 rats
82 creatures vanquished.

Vanquished Creatures (others)
  10 foxfires (D:6)
10 creatures vanquished.

Grand Total: 92 creatures vanquished

Notes
Turn   | Place    | Note
-------+----------+-------------------------------------------
     0 | D:5      | Descartes the Spriggan Delver began the quest for the Orb.
     0 | D:5      | Reached XP level 1. HP: 11/11 MP: 2/2
    62 | D:5      | Found an opulent altar of Gozag.
    80 | D:5      | Noticed an orc priest
    91 | D:5      | Noticed a scorpion
   106 | D:5      | Reached XP level 2. HP: 16/16 MP: 3/3
   123 | D:5      | Killed a scorpion
   124 | D:5      | Reached skill level 8 in Stealth
   124 | D:5      | Reached XP level 3. HP: 19/19 MP: 4/4
   155 | D:5      | Became a worshipper of Gozag Ym Sagoz the Greedy
   170 | D:5      | Noticed a black bear
   190 | D:4      | Reached skill level 9 in Stealth
   190 | D:4      | Reached XP level 4. HP: 23/23 MP: 5/5
   246 | D:4      | Found Myaceiv's Gadget Gallery.
   267 | D:4      | Reached XP level 5. HP: 27/27 MP: 6/6
   449 | D:4      | Found an ornate altar of the Wu Jian Council.
   495 | D:4      | Found a stormy altar of Qazlal.
   521 | D:4      | Found a staircase to the Ecumenical Temple.
   522 | D:4      | Found an iron altar of Okawaru.
   893 | D:4      | Reached skill level 10 in Stealth
  1366 | D:4      | Reached skill level 5 in Dodging
  1722 | D:4      | Found Myaceiv's Gadget Gallery.
  1783 | D:4      | Found a staircase to the Ecumenical Temple.
  1791 | D:4      | Found an iron altar of Okawaru.
  1853 | D:4      | Found an ornate altar of the Wu Jian Council.
  2002 | D:4      | Found a stormy altar of Qazlal.
  2398 | D:3      | Found a faded altar of an unknown god.
  2815 | D:3      | Found a white marble altar of Elyvilon.
  3300 | D:3      | Found a radiant altar of Vehumet.
  3642 | D:2      | Found a glowing silver altar of Zin.
  4156 | D:1      | Reached XP level 6. HP: 32/32 MP: 7/7
  6826 | D:4      | Found Myaceiv's Gadget Gallery.
  6935 | D:4      | Found a staircase to the Ecumenical Temple.
  6943 | D:4      | Found an iron altar of Okawaru.
  6969 | D:4      | Found a stormy altar of Qazlal.
  7010 | D:4      | Found an ornate altar of the Wu Jian Council.
  7389 | Temple   | Entered the Ecumenical Temple
  7454 | D:4      | Learned a level 1 spell: Foxfire
  7472 | D:5      | Found Ubbuino's Weapon Emporium.
  7672 | D:4      | Reached skill level 11 in Stealth
  7822 | D:5      | Noticed Eustachio
  7828 | D:5      | Killed Eustachio
  7829 | D:5      | Reached skill level 12 in Stealth
  7829 | D:5      | Reached XP level 7. HP: 35/35 MP: 8/8
  8818 | D:6      | Reached XP level 8. HP: 22/39 MP: 9/9
  9245 | D:6      | Slain by a black bear

Illustrated notes

Levels and vault maps discovered:
D:1:      dpeg_arrival_castle, layout_basic, st_stairs_14
D:2:      layout_basic, basic_altar, chequers_jeans
D:3:      layout_basic, nicolae_overflow_hidden_temple, serial_glass,
          glass_columns_a, glass_columns_a,
          hellmonk_ecumenical_altar_pennies_from_heaven
D:4:      layout_rooms, mainiacjoe_overflow_24_doors, overflow_temple_1_default,
          nzn_wu_jian_council_hall, minmay_temple_entry_statues_pillars,
          hangedman_decor_lopped, nicolae_shop_gadgets
D:5:      layout_basic, grunt_gozag_statues, serial_shops, shop, uniq_eustachio
D:6:      old_forge, layout_basic, fountainhead, minmay_starry_boxes,
          uniq_crazy_yiuf_cottage
Temple:   nicolae_temple_x_marks_the_god

Skill      XL: |  1  2  3  4  5  6  7 |
---------------+----------------------+-----
Dodging        | 3 4 5 6 9 |  9.9
Stealth        | 8 9 10 12 | 12.0
Fighting       | |  2.4
Short Blades   | |  2.1

Action                   |  1- 3 |  4- 6 |  7- 9 || total
-------------------------+-------+-------+-------++-------
Melee: Short sword       |     6 |   240 |    77 ||   323
 Cast: Foxfire           |       |       |     6 ||     6
  Use: Potion            |       |       |     1 ||     1
 Stab: Sleeping          |     2 |    30 |     5 ||    37
       Distracted        |       |     1 |     1 ||     2
Armor: Robe              |       |     7 |     5 ||    12
Dodge: Dodged            |     3 |   210 |    99 ||   312
